 Dungeon Crawl Stone Soup version 0.31-a0-675-g238779eb0a (webtiles) character file.

Game seed: 6440263906764400227

26 qw the Shooter (level 3, -6/21 HPs)
             Began as a Gargoyle Hunter on Sept 5, 2023.
             Mangled by a worm (8 damage)
             ... on level 2 of the Dungeon.
             The game lasted 00:00:17 (1043 turns).

qw the Shooter (Gargoyle Hunter)                    Turns: 1043, Time: 00:00:17

Health: -6/21      AC:  6    Str: 13 (14) XL:     3   Next: 8%
Magic:  3/3        EV: 11    Int:  6 (9)  God:
Gold:   21         SH:  0    Dex: 14 (15) Spells: 2/2 levels left

rFire   . . .        Y - +0 shortbow
rCold   . . .        (shield currently unavailable)
rNeg    + . .        c - +0 leather armour
rPois   inf          (no helmet)
rElec   +            (no cloak)
rCorr   .            (no gloves)
SInv    .            (no boots)
Will    .....        (no amulet)
Stlth   +            (no ring)
HPRegen 0.23/turn    (no ring)
MPRegen 0.08/turn

%: no passive effects
@: no status effects
A: sickness immunity, AC +3, negative energy resistance 1, electricity
resistance, torment resistance 1, petrification resistance
a: no special abilities


You were on level 2 of the Dungeon.
You visited 1 branch of the dungeon, and saw 2 of its levels.

You collected 21 gold pieces.


Innate Abilities, Weirdness & Mutations

You are immune to sickness and miasma.
Your stone body is resilient. (AC +3)
You are immune to poison.
You resist negative energy. (rN+)
You are resistant to electric shocks. (rElec)
You are resistant to unholy torment.
You are immune to petrification.


   Skills:
 - Level 2.1 Fighting
 + Level 4.9 Ranged Weapons
 - Level 1.5 Dodging
 - Level 1.1 Stealth


You had 2 spell levels left.
You didn't know any spells.
Your spell library was empty.

Inventory:

Hand Weapons
 Y - a +0 shortbow (weapon)
Armour
 c - a +0 leather armour (worn)
Scrolls
 a - a scroll of identify
Potions
 g - a potion of attraction {unknown}

Dungeon Overview and Level Annotations

Branches:
Dungeon (2/15)

Altars:

Shops:
D:1 (


Message History

The ball python closely misses you. The adder bites you but does no damage.
A worm comes into view.
The ball python bites you but does no damage.
The ball python barely misses you.
You shoot an arrow. The arrow barely misses the adder.
The adder bites you. The ball python closely misses you.
The ball python grabs you. The ball python constricts you.
The adder barely misses you.
You shoot an arrow. The arrow hits the ball python.
The ball python is moderately wounded.
The ball python bites you. The ball python constricts you. The adder bites you.
You shoot an arrow.
The arrow closely misses the ball python.
The ball python bites you but does no damage.
The ball python constricts you. The adder barely misses you.
The ball python barely misses you. The ball python constricts you.
The adder bites you but does no damage.
You shoot an arrow.
The arrow closely misses the ball python.
The ball python bites you but does no damage.
The ball python constricts you. The adder bites you.
You shoot an arrow. The arrow hits the ball python.
You kill the ball python!
The adder closely misses you. x2
You shoot an arrow. The arrow hits the adder.
The adder is moderately wounded.
The adder completely misses you. The adder bites you but does no damage.
You shoot an arrow. The arrow barely misses the adder.
The adder bites you but does no damage. The worm bites you but does no damage.
You shoot an arrow. The arrow misses the adder.
The adder bites you. x2; The worm closely misses you.
You shoot an arrow. The arrow closely misses the adder.
The adder barely misses you.
You shoot an arrow. The arrow hits the adder.
The adder is moderately wounded.
The adder closely misses you. The worm bites you. The adder barely misses you.
You shoot an arrow. The arrow hits the adder.
The adder is almost dead.
The adder bites you but does no damage. The worm bites you!
You die...

#### ...#
#.. #.##
## #..##
.8#
#<.##7..
##..#%7
##.@#
##Sw.#
#.......
..#.)....
..#.#####
.....#
...# #
#....


You could see a worm and an adder.

Vanquished Creatures
  3 ball pythons
  An endoplasm (D:1)
  A giant cockroach (D:1)
  2 goblins
  2 hobgoblins (D:1)
  4 jackals (D:1)
  2 frilled lizards (D:1)
  5 kobolds (D:1)
  4 rats
24 creatures vanquished.

Notes
Turn   | Place    | Note
-------+----------+-------------------------------------------
     0 | D:1      | qw the Gargoyle Hunter began the quest for the Orb.
     0 | D:1      | Reached XP level 1. HP: 12/12 MP: 1/1
     0 | D:1      | 0 ||| qw: Version: 0.3-a-75-g829b12e
     0 | D:1      | 0 ||| qw: Game counter: 95
     0 | D:1      | 0 ||| qw: Melee chars always use a shield: true
     0 | D:1      | 0 ||| qw: God list: Okawaru
     0 | D:1      | 0 ||| qw: Allow faded altars: false
     0 | D:1      | 0 ||| qw: Do Orc after clearing Dungeon:15 true
     0 | D:1      | 0 ||| qw: Do second Lair branch before Depths: true
     0 | D:1      | 0 ||| qw: Lair rune preference: random
     0 | D:1      | 0 ||| qw: Goals: Normal
     0 | D:1      | 0 ||| PLANNING D:1-11
   289 | D:1      | 289 ||| Stepping ~*~*~tactically~*~*~ (retreating).
   293 | D:1      | Reached XP level 2. HP: 17/17 MP: 2/2
   859 | D:1      | Found Ipneghys's Antique Weapon Emporium.
   862 | D:1      | 862 ||| SHOPLISTING orcbow (94 gold, have 21).
   948 | D:1      | 948 ||| READING 2 scrolls labelled BECZOUHOCYU.
   949 | D:1      | 949 ||| READING 2 scrolls labelled BAUQEXI XAIL.
   950 | D:1      | 950 ||| DRINKING 2 black potions.
   951 | D:1      | 951 ||| DROPPING scroll of butterflies.
   952 | D:1      | 952 ||| DROPPING potion of degeneration.
   953 | D:1      | 953 ||| DROPPING scroll of revelation.
  1032 | D:2      | Reached XP level 3. HP: 16/21 MP: 3/3
  1042 | D:2      | HP: 2/21 [worm (6)]
  1043 | D:2      | Mangled by a worm

Levels and vault maps discovered:
D:1:      minmay_arrival_widening_spiral_narrow, layout_loops_ring,
          serial_shops, nicolae_shop_real_fake_doors
D:2:      layout_rooms, kennysheep_pointless_box

Action                     || total
---------------------------++-------
   Fire: Shortbow          ||    70
    Use: Scroll            ||     2
         Potion            ||     1
 Armour: Leather armour    ||    32
  Dodge: Dodged            ||    27

Table legend:
 A = Non-vault XP
 B = Vault XP
 C = Vault XP percentage of total XP
 D = Non-vault monster count
 E = Vault monster count
 F = Vault count percentage of total count
                 A         B        C        D         E       F
            +---------+---------+-------+---------+---------+-------
      Total |      38 |       0 |   0.0 |      24 |       0 |   0.0
            +---------+---------+-------+---------+---------+-------
        D:1 |      30 |       0 |   0.0 |      19 |       0 |   0.0
        D:2 |       8 |       0 |   0.0 |       5 |       0 |   0.0
            +---------+---------+-------+---------+---------+-------
